 Dungeon Crawl Stone Soup version 0.26-a0-1213-gd52f5182fe (webtiles) character file.

Game seed: 10703187852773265707

107 tilp the Covert (level 4, -3/41 HPs)
             Began as a Gnoll Delver on Dec 30, 2020.
             Was a Follower of Makhleb.
             Slain by an orc warrior
             ... wielding a +0 mace
              (7 damage)
             ... on level 2 of the Dungeon.
             The game lasted 00:07:08 (2636 turns).

tilp the Covert (Gnoll Delver)                      Turns: 2636, Time: 00:07:09

Health: -3/41      AC: 11    Str: 15    XL:     4   Next: 85%
Magic:  5/5        EV:  6    Int: 13    God:    Makhleb [*.....]
Gold:   156        SH:  0    Dex: 16    Spells: 5/5 levels left

rFire    . . .     SeeInvis .   b - +0 flail
rCold    . . .     Faith    .   (no shield)
rNeg     . . .     Spirit   .   y - +0 plate armour
rPois    .         Reflect  .   (no helmet)
rElec    .         Harm     .   (no cloak)
rCorr    .         Rampage  .   (no gloves)
Will     .....                  v - +0 pair of boots
Stlth    ..........             (no amulet)
HPRegen  0.13/turn              p - ring of flight
MPRegen  0.09/turn              (no ring)

@: mighty
A: distributed training, fangs 1, strong nose
a: Renounce Religion, Evoke Flight


You were on level 2 of the Dungeon.
You worshipped Makhleb.
Makhleb was aware of your devotion.
You visited 2 branches of the dungeon, and saw 6 of its levels.

You collected 156 gold pieces.

Inventory:

Hand Weapons
 a - a +0 mace
 b - a +0 flail (weapon)
 i - a +0 war axe
 n - a cursed +0 hunting sling
 s - a cursed -3 dagger
 u - a +0 whip
Missiles
 j - 63 stones (quivered)
 l - 43 arrows
 m - 28 sling bullets
 q - 22 bolts
Armour
 v - a +0 pair of boots (worn)
 y - a +0 plate armour (worn)
Jewellery
 p - a ring of flight (left hand)
Wands
 g - a wand of digging (3)
Scrolls
 c - a scroll of fog
 e - a scroll of enchant armour {unknown}
 h - a scroll of remove curse
 k - a scroll of blinking {unknown}
 r - a scroll of fear
 t - a scroll of magic mapping
 x - a scroll of amnesia {unknown}
Potions
 d - a potion of mutation
 f - a potion of haste
 w - a potion of curing


   Skills:
 + Level 6.6 Fighting
 + Level 1.2 Short Blades
 + Level 1.2 Long Blades
 + Level 1.2 Axes
 + Level 4.7 Maces & Flails
 + Level 1.2 Polearms
 + Level 1.2 Staves
 + Level 1.2 Slings
 + Level 1.2 Bows
 + Level 1.2 Crossbows
 + Level 1.2 Throwing
 + Level 1.2 Armour
 + Level 4.7 Dodging
 + Level 9.6 Stealth
 + Level 1.2 Shields
 + Level 1.2 Unarmed Combat
 + Level 1.2 Spellcasting
 + Level 1.0 Conjurations
 + Level 1.0 Hexes
 + Level 1.0 Summonings
 + Level 1.0 Necromancy
 + Level 1.0 Translocations
 + Level 1.0 Transmutations
 + Level 1.0 Fire Magic
 + Level 1.0 Ice Magic
 + Level 1.0 Air Magic
 + Level 1.0 Earth Magic
 + Level 1.0 Poison Magic
 + Level 1.4 Invocations
 + Level 1.2 Evocations


You had 5 spell levels left.
You didn't know any spells.
Your spell library was empty.

Dungeon Overview and Level Annotations

Branches:
Dungeon (5/15)             Temple (1/1) D:4

Altars:
Ashenzari
Cheibriados
Dithmenos
Elyvilon
Fedhas
Hepliaklqana
Kikubaaqudgha
Makhleb
Nemelex Xobeh
Okawaru
Ru
Sif Muna
Trog
Uskayaw
Vehumet
Xom
Yredelemnul
The Shining One

Annotations:
D:3 exclusions: 4 orcs and quokka, Grinder, Jessica, Sigmund


Innate Abilities, Weirdness & Mutations

Your experience applies equally to all skills.
You have very sharp teeth.
Your uncanny sense of smell can sniff out nearby items.


Message History

You closely miss the orc warrior.
The orc warrior is heavily wounded.
The orc warrior hits you with a +0 mace.
* * * LOW HITPOINT WARNING * * *
Unknown command.
You feel better.
The orc warrior hits you but does no damage.
You feel very mighty all of a sudden.
You closely miss the orc warrior.
The orc warrior is heavily wounded.
The orc warrior hits you but does no damage.
Your plate armour prevents you from hitting the orc warrior.
The orc warrior is heavily wounded.
The orc warrior hits you with a +0 mace!
* * * LOW HITPOINT WARNING * * *
You sock the orc warrior!
You bite the orc warrior, but do no damage.
The orc warrior is almost dead.
The orc warrior hits you with a +0 mace!
You die...

##.## #....#####. # .. #.
####.#.### . # .# #.
..........###.. #.
#####.###.##..# ### #. ...
#....## ... #.
###.###.##..# ###### # #.
#.....###.# .....#
#.#.##.##### ###.####8.8
.###.#
#.....#.o@.#######.##.....
.###.#
#†###............#8.8
.....#### #.#
########.#####.# .........
∆ #.# #.# #.. #...#####
#.# #.# ### ##.## #.# #.#
#.##########.# #.#
#........o...# ..#
#.############ .##


You could see an orc warrior.

Vanquished Creatures
  An orc priest (D:1)
  A howler monkey skeleton (D:4)
  A gnoll (D:2)
  3 worms (D:2)
  3 dart slugs (D:1)
  A leopard gecko (D:1)
  An orc (D:3)
  4 giant cockroaches
  6 goblins
  4 hobgoblins
  2 jackals (D:1)
  A quokka (D:4)
  3 bats
  4 frilled lizards
  2 kobolds
  6 rats
  A spectral orc (D:3)
44 creatures vanquished.

Vanquished Creatures (others)
  3 plants (D:2)
3 creatures vanquished.

Grand Total: 47 creatures vanquished

Notes
Turn   | Place    | Note
-------+----------+-------------------------------------------
     0 | D:5      | Reached skill level 9 in Stealth
     0 | D:5      | tilp the Gnoll Delver began the quest for the Orb.
     0 | D:5      | Reached XP level 1. HP: 23/23 MP: 1/1
    32 | D:5      | Noticed an iguana
    64 | D:4      | Noticed a worker ant
    87 | D:4      | Noticed an iguana
   133 | D:4      | Found a staircase to the Ecumenical Temple.
   152 | D:4      | Reached XP level 2. HP: 14/29 MP: 2/2
   216 | Temple   | Entered the Ecumenical Temple
   471 | Temple   | Became a worshipper of Makhleb the Destroyer
   758 | D:3      | Found a basalt altar of Yredelemnul.
   906 | D:3      | Noticed Sigmund
   972 | D:3      | Noticed Jessica
  1043 | D:3      | Noticed Grinder
  1045 | D:3      | Paralysed by Grinder for 7 turns
  1247 | D:1      | Reached XP level 3. HP: 35/35 MP: 3/3
  1454 | D:1      | Reached skill level 1 in Invocations
  1889 | D:1      | Reached * piety under Makhleb
  2243 | D:1      | Reached skill level 1 in Short Blades
  2243 | D:1      | Reached skill level 1 in Long Blades
  2243 | D:1      | Reached skill level 1 in Axes
  2243 | D:1      | Reached skill level 1 in Polearms
  2243 | D:1      | Reached skill level 1 in Staves
  2243 | D:1      | Reached skill level 1 in Slings
  2243 | D:1      | Reached skill level 1 in Bows
  2243 | D:1      | Reached skill level 1 in Crossbows
  2243 | D:1      | Reached skill level 1 in Throwing
  2243 | D:1      | Reached skill level 1 in Armour
  2243 | D:1      | Reached skill level 1 in Shields
  2243 | D:1      | Reached skill level 1 in Unarmed Combat
  2243 | D:1      | Reached skill level 1 in Spellcasting
  2243 | D:1      | Reached skill level 1 in Evocations
  2333 | D:2      | Noticed an orc warrior
  2348 | D:1      | Reached XP level 4. HP: 41/41 MP: 5/5
  2482 | D:2      | Reached skill level 1 in Conjurations
  2482 | D:2      | Reached skill level 1 in Hexes
  2482 | D:2      | Reached skill level 1 in Summonings
  2482 | D:2      | Reached skill level 1 in Necromancy
  2482 | D:2      | Reached skill level 1 in Translocations
  2482 | D:2      | Reached skill level 1 in Transmutations
  2482 | D:2      | Reached skill level 1 in Fire Magic
  2482 | D:2      | Reached skill level 1 in Ice Magic
  2482 | D:2      | Reached skill level 1 in Air Magic
  2482 | D:2      | Reached skill level 1 in Earth Magic
  2482 | D:2      | Reached skill level 1 in Poison Magic
  2520 | D:2      | Found a sparkling altar of Nemelex Xobeh.
  2636 | D:2      | Slain by an orc warrior

Illustrated notes

Levels and vault maps discovered:
D:1:      dpeg_arrival_tiny_i, layout_basic, serial_glass, glass_columns_a,
          glass_columns_c, minmay_misc_feat_more_columns
D:2:      layout_loops_ring, nemelex_xobeh_ov_fountains_minmay,
          chequers_ecumenical_altar_lobes, small_statue_intersection,
          minmay_unequal
D:3:      layout_loops_cross, yredelemnul_forgotten_temple_becter,
          kennysheep_generic_room_9, uniq_grinder, uniq_jessica, uniq_robin,
          uniq_sigmund
D:4:      layout_rooms, nicolae_qazlal_eye_of_the_storm,
          minmay_temple_entry_water_ring, uniq_eustachio
D:5:      layout_basic, uniq_ijyb
Temple:   nicolae_temple_elliptical

Skill      XL: |  1  2  3  4 |
---------------+-------------+-----
Stealth        | |  9.6
Invocations    | 1 |  1.4
Short Blades   | 1 |  1.2
Long Blades    | 1 |  1.2
Axes           | 1 |  1.2
Polearms       | 1 |  1.2
Staves         | 1 |  1.2
Slings         | 1 |  1.2
Bows           | 1 |  1.2
Crossbows      | 1 |  1.2
Throwing       | 1 |  1.2
Armour         | 1 |  1.2
Shields        | 1 |  1.2
Unarmed Combat | 1 |  1.2
Spellcasting   | 1 |  1.2
Evocations     | 1 |  1.2
Conjurations   | 1 |  1.0
Hexes          | 1 |  1.0
Summonings     | 1 |  1.0
Necromancy     | 1 |  1.0
Translocations | 1 |  1.0
Transmutations | 1 |  1.0
Fire Magic     | 1 |  1.0
Ice Magic      | 1 |  1.0
Air Magic      | 1 |  1.0
Earth Magic    | 1 |  1.0
Poison Magic   | 1 |  1.0
Fighting       | |  6.6
Maces & Flails | |  4.7
Dodging        | |  4.7

Action                   |  1- 3 |  4- 6 || total
-------------------------+-------+-------++-------
Melee: Mace              |    10 |       ||    10
       Bite              |     6 |     7 ||    13
       Flail             |    60 |    47 ||   107
Throw: Stone             |    14 |       ||    14
  Use: Scroll            |    11 |       ||    11
       Potion            |       |     2 ||     2
 Stab: Sleeping          |     8 |       ||     8
Armor: Leather armour    |     6 |       ||     6
       Plate armour      |    16 |    27 ||    43
Dodge: Dodged            |    33 |     8 ||    41

Table legend: (Time is in decaauts)
 A = Elapsed time spent in this place.
 B = Non-inter-level travel time spent in this place.
 C = Inter-level travel time spent in this place.
 D = Time resting spent in this place.
 E = Time spent auto-exploring this place.
 F = Levels seen in this place.
 G = Mean time per level.
                   A        B        C        D        E       F      G
               +--------+--------+--------+--------+--------+-----+--------+
         Total |   2659 |   2429 |    230 |     50 |   1582 |   6 |  443.2 |
       Dungeon |   2380 |   2192 |    188 |     50 |   1347 |   5 |  476.0 |
        Temple |    278 |    236 |     42 |      0 |    235 |   1 |  278.0 |
               +--------+--------+--------+--------+--------+-----+--------+

Top non-repeatable levels by time:
     D:1: 1143 daAuts
     D:3: 591 daAuts
     D:2: 392 daAuts
  Temple: 278 daAuts
     D:4: 211 daAuts
     D:5: 42 daAuts
